 Dungeon Crawl Stone Soup version 0.18.1-5-g4a78601 (webtiles) character file.

52 Gargoyl the Skirmisher (level 3, -2/29 HPs)
             Began as a Demonspawn Abyssal Knight on May 13, 2016.
             Was a Follower of Lugonu.
             Slain by a worm (8 damage)
             ... on level 2 of the Dungeon.
             The game lasted 00:02:30 (1599 turns).

Gargoyl the Skirmisher (Demonspawn Abyssal Knight)  Turns: 1599, Time: 00:02:30

Health: -2/29      AC:  5    Str: 13    XL:     3   Next: 60%
Magic:  5/5        EV: 10    Int: 13    God:    Lugonu [*.....]
Gold:   66         SH:  0    Dex: 12    Spells: 0 memorised, 2 levels left

rFire  . . .     SeeInvis +     a - +1 hand axe
rCold  . . .     Gourm    .     q - +0 ring mail (curse)
rNeg   . . .     Faith    .     (no shield)
rPois  +         Spirit   .     (no helmet)
rElec  .         Dismiss  .     (no cloak)
rCorr  .         Reflect  .     (no gloves)
SustAt .         Harm     .     (no boots)
MR     .....                    (no amulet)
Stlth  +.........               b - ring of see invisible
                                g - ring of poison resistance

@: not resistant to hostile enchantments, very unstealthy
A: hooves 1, spiny 1
a: Depart the Abyss, Renounce Religion


You were on level 2 of the Dungeon.
You worshipped Lugonu.
Lugonu was aware of your devotion.
You were not hungry.

You visited 1 branch of the dungeon, and saw 2 of its levels.
You visited the Abyss 1 time.

You collected 66 gold pieces.

Inventory:

Hand Weapons
 a - a +1 hand axe (weapon)
Missiles
 o - 7 javelins of returning (quivered)
Armour
 q - a cursed +0 ring mail (worn)
Jewellery
 b - a ring of see invisible (right hand)
 g - a ring of poison resistance (left hand)
Wands
 f - a wand of digging (8/24)
 r - a wand of flame (34/48)
Scrolls
 d - 2 scrolls of teleportation {unknown}
 e - a scroll of fear {unknown}
 h - a scroll of enchant armour {unknown}
 k - a scroll of fog {unknown}
 l - 2 scrolls of identify {unknown}
 m - a scroll of recharging {unknown}
Potions
 i - 3 potions of curing {unknown}
 n - a potion of berserk rage {unknown}
Comestibles
 c - 2 bread rations
 j - a meat ration
 p - a chunk of flesh


   Skills:
 + Level 3.3 Fighting
 + Level 1.8 Axes
 * Level 2.6 Armour
 + Level 1.2 Dodging
 + Level 0.6 Stealth
 + Level 3.0 Invocations


You had 2 spell levels left.
You didn't know any spells.

Dungeon Overview and Level Annotations

Branches:
Dungeon (2/15)

Altars:
Nemelex Xobeh


Innate Abilities, Weirdness & Mutations

You have large cloven feet.
You are partially covered in sharp spines.


Message History

The worm is severely wounded.
You hit the worm.
The worm is moderately wounded.
The worm bites you.
Unknown command.
You hit the worm. You kick the worm, but do no damage.
The worm is almost dead.
You hit the worm.
The worm is moderately wounded.
The worm is struck by your spines.
You kill the worm!
Lugonu accepts your kill.
You hit the worm. Your kick misses the worm.
The worm is moderately wounded.
The worm is struck by your spines. The worm bites you!
* * * LOW HITPOINT WARNING * * *
You hit the worm.
The worm is almost dead.
The worm bites you!
You die...

#.....†....... .(.#
#.###............. . ...
...............#.. ..
..##.#...........[...
!.. ..#.###..#.#........
..#.#...............##
.................##
##w........#..##....
#..@..[...#...###..#
##.........⌠.⌠.....##
###..........._..###...
#....#....#.#.⌠.⌠..##.).
#...#.......##..#.......
...........###........##
...........###.......##
......##...##..#....###
..)...#.).....#.......##


You could see a worm.

Vanquished Creatures
  An adder (D:2)
  An ooze (D:1)
  3 dart slugs
  3 worms
  A giant gecko (D:1)
  A goblin (D:2)
  2 hobgoblins
  3 jackals (D:1)
  A quokka (D:2)
  6 bats
  A giant newt (D:1)
  2 rats (D:1)
25 creatures vanquished.

Notes
Turn   | Place    | Note
--------------------------------------------------------------
     0 | Abyss:1  | Gargoyl the Demonspawn Abyssal Knight began the quest for the Orb.
     0 | Abyss:1  | Reached XP level 1. HP: 18/18 MP: 2/2
     2 | Abyss:1  | Found a corrupted altar of Lugonu.
    71 | Abyss:2  | Noticed a raiju
   125 | Abyss:3  | Noticed a starcursed mass
   126 | D:1      | Escaped the Abyss
   530 | D:1      | Gained mutation: You have large cloven feet. [demonic ancestry]
   530 | D:1      | Reached XP level 2. HP: 22/24 MP: 4/4
   703 | D:1      | Reached * piety under Lugonu
   933 | D:1      | Reached skill level 1 in Dodging
  1292 | D:1      | Gained mutation: You are partially covered in sharp spines. [demonic ancestry]
  1292 | D:1      | Reached XP level 3. HP: 16/29 MP: 5/5
  1445 | D:2      | Found a sparkling altar of Nemelex Xobeh.
  1599 | D:2      | Slain by a worm

Skill      XL: |  1  2 |
---------------+-------+-----
Armour         | 2 |  2.6
Invocations    | 3 |  3.0
Dodging        | 1 |  1.2
Fighting       | |  3.3
Axes           | |  1.8
Stealth        | |  0.6

Action                   || total
-------------------------++-------
Melee: Hand axe          ||    61
       Kick              ||    12
Invok: Depart the Abyss  ||     1
  Eat: Chunk             ||     2
Armor: Leather armour    ||    16
Dodge: Dodged            ||    24
